 Dungeon Crawl Stone Soup version 0.23.2-1-ga50397a (webtiles) character file.

Game seed: 10611426470880337409

183 troglodite the Grave Robber (level 5, -2/37 HPs)
             Began as a Human Necromancer on May 15, 2019.
             Slain by an ogre
             ... wielding a cursed -2 giant spiked club
              (16 damage)
             ... on level 6 of the Dungeon on May 16, 2019.
             The game lasted 00:14:19 (3764 turns).

troglodite the Grave Robber (Human Necromancer)     Turns: 3764, Time: 00:14:20

Health: -2/37      AC:  4    Str:  8    XL:     5   Next: 94%
Magic:  0/9        EV: 13    Int: 15    God:
Gold:   156        SH:  0    Dex: 15    Spells: 3/10 levels left

rFire    + . .     SeeInvis .   e - +0 hunting sling
rCold    x . .     Gourm    .   (no shield)
rNeg     . . .     Faith    .   a - +0 robe
rPois    .         Spirit   .   (no helmet)
rElec    .         Reflect  .   l - +0 cloak
rCorr    .         Harm     .   d - +0 pair of gloves
MR       .....                  (no boots)
Stlth    ++........             (no amulet)
HPRegen  0.12/turn              k - ring of fire
MPRegen  0.11/turn              (no ring)

@: no status effects
A: no striking features
a: no special abilities


You were on level 6 of the Dungeon.
You were hungry.

You visited 1 branch of the dungeon, and saw 5 of its levels.

You collected 156 gold pieces.

Inventory:

Hand Weapons
 e - a +0 hunting sling (weapon)
 o - a +4 dagger
Missiles
 f - 62 sling bullets (quivered)
 g - 174 stones
Armour
 a - a +0 robe (worn)
 d - a +0 pair of gloves (worn)
 l - a +0 cloak (worn)
Jewellery
 k - a ring of fire (left hand)
Scrolls
 h - a scroll of remove curse
 m - a scroll of blinking {unknown}
 n - a scroll of teleportation
 r - a scroll of enchant weapon {unknown}
 s - a scroll of immolation {unknown}
Potions
 b - a potion of heal wounds {unknown}
 i - 2 potions of might {unknown}
 j - 2 potions of resistance {unknown}
 p - a potion of brilliance {unknown}
Comestibles
 c - 6 rations


   Skills:
 * Level 1.2 Fighting
 * Level 0.3 Short Blades
 * Level 1.7 Slings
 * Level 2.4 Dodging
 * Level 2.4 Stealth
 * Level 3.1 Spellcasting
 * Level 0.1 Charms
 * Level 4.9 Necromancy


You had 3 spell levels left.
You knew the following spells:

 Your Spells              Type           Power        Failure   Level  Hunger
a - Pain                  Necr           ###.         2%          1    #......
b - Vampiric Draining     Necr           ###.......   8%          3    ###....
c - Regeneration          Chrm/Necr      ##........   21%         3    ###....

Your spell library contained the following spells:

 Spells                   Type           Power        Failure   Level  Hunger
 Animate Skeleton         Necr           N/A          2%          1    #......
 Animate Dead             Necr           N/A          26%         4    #####..


Dungeon Overview and Level Annotations

Branches:
Dungeon (6/15)
 Temple: D:4-7

Altars:
Elyvilon
Fedhas
Gozag
Makhleb
Nemelex Xobeh
Uskayaw
Zin

Annotations:
D:6 Eustachio


Message History

Press: ? - help, Shift-Dir - straight line, f/p - ogre
Aim: an ogre, wielding a -2 giant spiked club (heavily wounded)
The ogre is heavily wounded.
You feel life coursing into your body.
You are feeling hungry.
Casting: Vampiric Draining (safe; 8% risk of failure)
Confirm with . or Enter, or press ? or * to list all spells.
Aiming: Pain (safe; 2% risk of failure)
Press: ? - help, Shift-Dir - straight line, f/p - ogre
Aim: an ogre, wielding a -2 giant spiked club (heavily wounded, chance to defeat MR: 76%)
The ogre writhes in agony.
The ogre hits you with a cursed -2 giant spiked club!!
Casting: Pain (safe; 2% risk of failure)
Confirm with . or Enter, or press ? or * to list all spells.
Aiming: Pain (safe; 2% risk of failure)
Press: ? - help, Shift-Dir - straight line, f/p - ogre
Aim: an ogre, wielding a -2 giant spiked club (severely wounded, chance to defeat MR: 76%)
The ogre writhes in agony.
The ogre hits you with a cursed -2 giant spiked club!
You die...

#..........
#.........#
#.........#
#.........#
#.........#
#........
.#####.O..#####
........@.....+
.#####.......##
#.......#
#.......#
#.......#
###.....#
#.....# #.....#
#.....#


You could see an ogre.

Vanquished Creatures
  A centaur skeleton (D:3)
  Natasha (twice) (D:2)
  A worker ant (D:6)
  2 adders
  An ooze (D:1)
  A dart slug (D:3)
  A leopard gecko (D:3)
  2 orcs
  9 bats
  2 giant cockroaches (D:1)
  2 goblins (D:2)
  7 hobgoblins
  2 jackals (D:3)
  A quokka (D:2)
  2 ball pythons
  5 frilled lizards
  10 kobolds
  10 rats
61 creatures vanquished.

Notes
Turn   | Place    | Note
-------+----------+-------------------------------------------
     0 | D:1      | troglodite the Human Necromancer began the quest for the
                  | Orb.
     0 | D:1      | Reached XP level 1. HP: 13/13 MP: 3/3
   234 | D:1      | Reached XP level 2. HP: 19/19 MP: 3/5
   738 | D:1      | Reached XP level 3. HP: 21/25 MP: 1/6
  1167 | D:2      | Learned a level 3 spell: Vampiric Draining
  1227 | D:2      | Noticed Natasha
  1235 | D:2      | Killed Natasha
  1235 | D:2      | Reached skill level 1 in Slings
  1235 | D:2      | Reached XP level 4. HP: 10/31 MP: 1/7
  1497 | D:2      | Noticed Natasha
  1509 | D:2      | Killed Natasha
  2194 | D:2      | Reached skill level 1 in Fighting
  2194 | D:2      | Reached XP level 5. HP: 33/37 MP: 0/9
  2273 | D:2      | Learned a level 3 spell: Regeneration
  2326 | D:2      | Found a hide-covered altar of Uskayaw.
  3128 | D:3      | Found a white marble altar of Elyvilon.
  3587 | D:3      | Found a white marble altar of Elyvilon.
  3588 | D:3      | Found a blossoming altar of Fedhas.
  3590 | D:3      | Found a glowing silver altar of Zin.
  3593 | D:3      | Found a burning altar of Makhleb.
  3594 | D:3      | Found an opulent altar of Gozag.
  3595 | D:3      | Found a sparkling altar of Nemelex Xobeh.
  3616 | D:3      | You fall through a shaft for 3 floors!
  3617 | D:6      | Noticed Eustachio
  3752 | D:5      | Entered Level 5 of the Dungeon
  3752 | D:5      | Noticed a phantom
  3752 | D:5      | Noticed an ogre
  3764 | D:6      | Slain by an ogre

Skill      XL: |  1  2  3  4  5 |
---------------+----------------+-----
Slings         | 1 |  1.7
Fighting       | 1 |  1.2
Spellcasting   | 3 |  3.1
Short Blades   | |  0.3
Dodging        | |  2.4
Stealth        | |  2.4
Charms         | |  0.1
Necromancy     | |  4.9

Action                   |  1- 3 |  4- 6 || total
-------------------------+-------+-------++-------
Melee: Unarmed           |     8 |       ||     8
 Fire: Hunting sling     |    25 |    25 ||    50
 Cast: Pain              |    38 |    76 ||   114
       Vampiric Draining |       |     4 ||     4
       Regeneration      |       |     2 ||     2
  Use: Scroll            |       |     2 ||     2
  Eat: Chunk             |     2 |     8 ||    10
Armor: Robe              |    10 |    10 ||    20
Dodge: Dodged            |    18 |    39 ||    57
